 Dungeon Sprint DCSS version 0.17-a0-1748-g222fba8 (webtiles) character file.

7700000 hexophile the Axe Maniac (level 27, -20/172 (174) HPs)
             Began as a Spriggan Warper on Sept 1, 2015.
             Was the Champion of Makhleb.
             Killed by the air
             ... invoked by a tyrant
              (21 damage)
             ... in the Dungeon (Sprint VIII: "Arena of Blood").
             The game lasted 00:03:00 (77 turns).

hexophile the Axe Maniac (Spriggan Warper)            Turns: 77, Time: 00:03:01

HP:   -20/172 (174) AC:  4    Str:  7    XL:     27
MP:   18/55         EV: 44    Int: 18    God:    Makhleb [******]
Gold: 0             SH:  0    Dex: 25    Spells: 1 memorised, 79 levels left

rFire  . . .     SeeInvis +     k - +∞ Axe of Woe
rCold  . . .     Clarity  .     a - +0 robe
rNeg   . . .     SustAt   .     (shield restricted)
rPois  .         Gourm    .     (helmet restricted)
rElec  .         Spirit   .     (no cloak)
rCorr  .         Warding  .     (gloves unavailable)
rMut   .         NoTele   +     (boots unavailable)
MR     ++++.                    (no amulet)
Stlth  ++++++++++               (no ring)
                                (no ring)

@: very quick, incredibly resistant to hostile enchantments, uncannily stealthy
A: unfitting armour, see invisible, herbivore 3, speed 3, slow metabolism 2
a: Minor Destruction, Lesser Servant of Makhleb, Major Destruction, Greater
Servant of Makhleb, Renounce Religion


You were in the Dungeon.
You worshipped Makhleb.
Makhleb was exalted by your worship.
You were not hungry.

You visited 1 branch

Inventory:

Hand weapons
 k - the +∞ Axe of Woe (weapon)
   (You found it in the Dungeon)
Missiles
 d - a tomahawk of dispersal (quivered)
Armour
 a - a +0 robe (worn)
Scrolls
 c - 2 scrolls of blinking
Potions
 f - a potion of curing
 g - a potion of heal wounds
 h - a potion of haste
 i - 2 potions of magic
 j - a potion of berserk rage
Books
 b - a book of Spatial Translocations

   Spells                             Type                      Level
   a - Apportation                    Translocation                1
   b - Blink                          Translocation                2
   c - Shroud of Golubria             Charms/Translocation         2
   d - Portal Projectile              Translocation                3
   e - Teleport Other                 Translocation                3
   f - Passage of Golubria            Translocation                4
Comestibles
 e - a bread ration


   Skills:
 O Level 27 Fighting
 O Level 27 Axes
 O Level 27 Throwing
 O Level 27 Armour
 O Level 27 Dodging
 O Level 27 Stealth
 O Level 27 Unarmed Combat
 O Level 27 Spellcasting
 O Level 27 Translocations
 O Level 27 Invocations


You had 79 spell levels left.
You knew the following spells:

 Your Spells              Type           Power        Failure   Level  Hunger
a - Apportation           Tloc           #######...   0%          1    None


Dungeon Overview and Level Annotations

Branches:
Dungeon (1/1)

Altars:
Makhleb

Annotations:
D The Captor


Innate Abilities, Weirdness & Mutations

You are tiny and cannot use many weapons and most armour.
You have supernaturally acute eyesight.
You are a herbivore.
You cover ground extremely quickly.
You need consume almost no food.


Message History

Yoink!
You pull the item towards yourself.
You hear a shout! x3
The tyrant is engulfed in roaring flames.
The tyrant mumbles some strange words.
You hear a shout! x4
The meat berserker rages.
You hear a shout! x4
The tyrant is engulfed in roaring flames.
You hear a shout!
The large abomination is engulfed in roaring flames.
The meat berserker hits you with a +9 battleaxe!!!
* * * LOW HITPOINT WARNING * * *
The large abomination is engulfed in roaring flames.
The tyrant is engulfed in roaring flames.
The tyrant waves its bony arms in wide circles.
The air twists around and strikes you!
* * * LOW HITPOINT WARNING * * *
The tyrant waves its bony arms in wide circles.
The air twists around and strikes you!
You die...

.#@XXX...........
.#.%.....X%)......
#.#....OXX)......#
.#O...§#XXXW.%..#.
.....L§XLX§.....#
......##C#LXX.....
........)XX...%...
%.####..OX#.....##
......%@.o.......
#................
####.............
############


You could see 2 tentacled monstrosities, 3 tyrants, a large bag of meat (inner
flame), 11 large abominations, a wretched soul (invisible), 3 meat berserkers
and a bag of meat.

Vanquished Creatures
  2 hell beasts (D)
  A greater mummy (D)
  4 vampire knights (D)
  11 ogres (D)
  2 liches (D)
  36 orcs (D)
  7 hill giants (D)
  2 skeletal warriors (D)
  2 small abominations (D)
  9 crawling corpses (D)
76 creatures vanquished.

Vanquished Creatures (others)
  6 crawling corpses (D)
6 creatures vanquished.

Grand Total: 82 creatures vanquished

Notes
Turn   | Place    | Note
--------------------------------------------------------------
     0 | D        | hexophile the Spriggan Warper began the quest for the Orb.
     0 | D        | Reached XP level 1. HP: 10/10 MP: 5/5
     3 | D        | Noticed a bag of meat
     3 | D        | Became a worshipper of Makhleb the Destroyer
     6 | D        | Noticed a bag of meat
     6 | D        | Noticed a bag of meat
     6 | D        | Noticed a bag of meat
     8 | D        | Noticed a bag of meat
     8 | D        | Noticed a bag of meat
    10 | D        | Noticed a meat berserker
    10 | D        | Killed a bag of meat
    10 | D        | Reached skill level 8 in Fighting
    10 | D        | Reached skill level 5 in Throwing
    10 | D        | Reached skill level 18 in Dodging
    10 | D        | Reached skill level 24 in Translocations
    10 | D        | Reached XP level 2. HP: 12/23 MP: 5/17
    10 | D        | Reached XP level 3. HP: 13/26 MP: 5/19
    10 | D        | Reached XP level 4. HP: 15/31 MP: 5/20
    10 | D        | Reached XP level 5. HP: 16/35 MP: 5/22
    10 | D        | Reached XP level 6. HP: 17/39 MP: 5/23
    10 | D        | Reached XP level 7. HP: 19/44 MP: 5/25
    10 | D        | Reached XP level 8. HP: 20/48 MP: 5/26
    10 | D        | Reached XP level 9. HP: 21/52 MP: 5/27
    10 | D        | Reached XP level 10. HP: 23/57 MP: 5/28
    10 | D        | Reached XP level 11. HP: 24/60 MP: 5/29
    11 | D        | Noticed a meat berserker
    11 | D        | Noticed a bag of meat
    13 | D        | Killed a bag of meat
    13 | D        | Acquired Makhleb's first power
    13 | D        | Reached XP level 12. HP: 26/65 MP: 5/30
    13 | D        | HP: 3/65 [bag of meat/+9 war axe (24)]
    14 | D        | Noticed a bag of meat
    14 | D        | Killed a bag of meat
    14 | D        | Reached XP level 13. HP: 3/69 MP: 6/31
    15 | D        | Noticed a bag of meat
    15 | D        | Killed a bag of meat
    15 | D        | Acquired Makhleb's second power
    15 | D        | Reached XP level 14. HP: 3/74 MP: 6/32
    15 | D        | Killed a meat berserker
    15 | D        | Reached skill level 25 in Axes
    15 | D        | Reached XP level 15. HP: 78/78 MP: 6/33
    16 | D        | Noticed a meat berserker
    17 | D        | Killed a bag of meat
    17 | D        | Acquired Makhleb's third power
    17 | D        | Reached skill level 27 in Axes
    17 | D        | Reached skill level 1 in Armour
    19 | D        | Noticed a bag of meat
    19 | D        | Killed a bag of meat
    19 | D        | Reached skill level 15 in Spellcasting
    19 | D        | Reached skill level 5 in Invocations
    22 | D        | Killed a bag of meat
    22 | D        | Reached skill level 10 in Fighting
    22 | D        | Reached skill level 10 in Throwing
    22 | D        | Reached skill level 5 in Armour
    22 | D        | Reached skill level 10 in Unarmed Combat
    22 | D        | Reached XP level 16. HP: 82/86 MP: 7/36
    23 | D        | Killed a meat berserker
    23 | D        | Acquired Makhleb's fourth power
    23 | D        | Reached skill level 15 in Stealth
    23 | D        | Reached skill level 10 in Invocations
    24 | D        | Noticed a large bag of meat
    24 | D        | Killed a bag of meat
    24 | D        | Reached skill level 27 in Translocations
    24 | D        | Reached XP level 17. HP: 91/94 MP: 7/40
    25 | D        | Noticed a meat berserker
    25 | D        | Noticed a large bag of meat
    25 | D        | Killed a bag of meat
    25 | D        | Acquired Makhleb's fifth power
    26 | D        | Killed a bag of meat
    26 | D        | Reached skill level 15 in Throwing
    26 | D        | Reached skill level 10 in Armour
    27 | D        | Noticed a bag of meat
    27 | D        | Noticed a bag of meat
    27 | D        | Noticed a destroyer
    27 | D        | Noticed a destroyer
    28 | D        | Noticed a bag of meat
    28 | D        | Noticed a large bag of meat
    28 | D        | Noticed a bag of meat
    28 | D        | Noticed a large bag of meat
    28 | D        | Noticed a large bag of meat
    30 | D        | Noticed a bag of meat
    31 | D        | Noticed a bag of meat
    33 | D        | Noticed a large bag of meat
    33 | D        | Noticed a bag of meat
    33 | D        | Noticed a bag of meat
    33 | D        | Noticed a large bag of meat
    33 | D        | Noticed a bag of meat
    33 | D        | Noticed a bag of meat
    33 | D        | Noticed a large bag of meat
    34 | D        | Noticed a bag of meat
    34 | D        | Noticed a destroyer
    34 | D        | Noticed a bag of meat
    34 | D        | Noticed a bag of meat
    35 | D        | Noticed a bag of meat
    35 | D        | Noticed a large bag of meat
    36 | D        | Noticed a meat berserker
    36 | D        | Noticed a bag of meat
    36 | D        | Noticed a bag of meat
    36 | D        | Noticed a bag of meat
    36 | D        | Noticed a meat berserker
    37 | D        | Noticed a bag of meat
    37 | D        | Noticed a bag of meat
    39 | D        | Noticed a meat berserker
    39 | D        | Noticed a bag of meat
    41 | D        | Noticed a bag of meat
    41 | D        | Killed a bag of meat
    41 | D        | Killed a large bag of meat
    41 | D        | Reached XP level 18. HP: 103/103 MP: 10/43
    42 | D        | Noticed a bag of meat
    42 | D        | Noticed a bag of meat
    42 | D        | Noticed a bag of meat
    42 | D        | Noticed a sculptor of flesh
    42 | D        | Killed a meat berserker
    42 | D        | Reached skill level 15 in Fighting
    42 | D        | Reached skill level 15 in Unarmed Combat
    43 | D        | Noticed a bag of meat
    43 | D        | Noticed a sculptor of flesh
    44 | D        | Killed a meat berserker
    44 | D        | Reached skill level 27 in Dodging
    44 | D        | Killed a large bag of meat
    44 | D        | Reached XP level 19. HP: 112/112 MP: 11/47
    44 | D        | Killed a meat berserker
    44 | D        | Reached skill level 15 in Armour
    44 | D        | Reached skill level 27 in Stealth
    46 | D        | Noticed a bag of meat
    46 | D        | Killed a meat berserker
    46 | D        | Killed a bag of meat
    46 | D        | Reached XP level 20. HP: 121/121 MP: 11/51
    46 | D        | Killed a bag of meat
    46 | D        | Killed a bag of meat
    46 | D        | Reached skill level 27 in Spellcasting
    47 | D        | Noticed a meat berserker
    47 | D        | Killed a bag of meat
    49 | D        | Noticed an accursed
    49 | D        | Killed a bag of meat
    49 | D        | Killed a bag of meat
    49 | D        | Killed a bag of meat
    49 | D        | Killed a bag of meat
    49 | D        | Reached XP level 21. HP: 131/133 MP: 12/53
    50 | D        | Noticed a bag of meat
    50 | D        | Noticed a destroyer
    50 | D        | Killed a bag of meat
    50 | D        | Reached skill level 27 in Throwing
    50 | D        | Killed a bag of meat
    50 | D        | Killed a bag of meat
    51 | D        | Killed a bag of meat
    51 | D        | Reached skill level 27 in Invocations
    51 | D        | Killed a large bag of meat
    51 | D        | Killed a large bag of meat
    51 | D        | Killed a bag of meat
    51 | D        | Reached XP level 22. HP: 143/145 MP: 12/54
    52 | D        | Noticed a meat berserker
    52 | D        | Noticed a tyrant
    52 | D        | Killed a meat berserker
    52 | D        | Killed a bag of meat
    52 | D        | Reached skill level 27 in Fighting
    52 | D        | Reached skill level 27 in Unarmed Combat
    52 | D        | Killed a bag of meat
    53 | D        | Killed a bag of meat
    53 | D        | Reached skill level 27 in Armour
    53 | D        | Killed a destroyer
    53 | D        | Reached XP level 23. HP: 153/153 MP: 13/55
    53 | D        | Killed a large bag of meat
    54 | D        | Noticed a bag of meat
    54 | D        | Noticed a meat berserker
    57 | D        | Noticed a bag of meat
    57 | D        | Killed a destroyer
    58 | D        | Noticed a tyrant
    58 | D        | Killed a sculptor of flesh
    59 | D        | Killed a bag of meat
    60 | D        | Noticed a tyrant
    60 | D        | Noticed a tyrant
    60 | D        | Killed a bag of meat
    60 | D        | Killed a destroyer
    60 | D        | Reached XP level 24. HP: 158/158 MP: 14/55
    60 | D        | Killed a sculptor of flesh
    60 | D        | Killed a large bag of meat
    61 | D        | Noticed a bag of meat
    61 | D        | Killed a meat berserker
    61 | D        | Killed a meat berserker
    61 | D        | Killed a bag of meat
    62 | D        | Noticed The Captor
    62 | D        | Killed a meat berserker
    62 | D        | Reached XP level 25. HP: 163/163 MP: 15/55
    62 | D        | Killed a large bag of meat
    63 | D        | Noticed a meat beast
    64 | D        | Killed a tyrant
    65 | D        | Noticed a tyrant
    65 | D        | Noticed a meat beast
    65 | D        | Killed a bag of meat
    66 | D        | Noticed a meat berserker
    66 | D        | Killed a bag of meat
    67 | D        | Noticed a destroyer
    67 | D        | Killed a meat beast
    67 | D        | Reached XP level 26. HP: 169/169 MP: 16/55
    67 | D        | Killed a bag of meat
    68 | D        | Noticed a meat berserker
    70 | D        | Killed a destroyer
    71 | D        | Killed a meat beast
    71 | D        | Reached XP level 27. HP: 174/174 MP: 17/55
    71 | D        | Killed a tyrant
    72 | D        | Killed a meat berserker
    73 | D        | Killed a bag of meat
    73 | D        | Killed a bag of meat
    74 | D        | Killed an accursed
    75 | D        | Noticed a bag of meat
    75 | D        | Killed a bag of meat
    76 | D        | Noticed a wretched soul
    77 | D        | Noticed a meat berserker
    77 | D        | HP: 1/172 [tyrant/the air (33)]
    77 | D        | Killed from afar by a tyrant

Vault maps used:
D:        meatsprint

Action                   |  1- 3 |  4- 6 |  7- 9 | 10-12 | 13-15 | 16-18 | 19-21 | 22-24 | 25-27 || total
-------------------------+-------+-------+-------+-------+-------+-------+-------+-------+-------++-------
Melee: Broad axe         |     1 |       |       |     2 |     4 |     7 |     6 |     9 |    10 ||    39
Throw: Tomahawk          |     1 |       |       |     2 |     1 |       |       |       |       ||     4
 Cast: Apportation       |       |       |       |       |       |       |       |       |     1 ||     1
 Stab: Distracted        |       |       |       |       |     1 |       |       |       |       ||     1
